 Dungeon Crawl Stone Soup version 0.25-b1-46-gb8a1ec05df (webtiles) character file.

Game seed: 15551577517461590193

15439526 grindst0ne the Naga Aeon (level 27, 327/327 HPs)
             Began as a Naga Hunter on June 9, 2020.
             Was the Champion of Cheibriados.
             Escaped with the Orb
             ... and 15 runes on June 10, 2020!
             The game lasted 08:45:34 (102548 turns).

grindst0ne the Naga Aeon (Naga Hunter)            Turns: 102548, Time: 08:45:35

Health: 327/327    AC: 31    Str: 34    XL:     27
Magic:  53/53      EV: 39    Int: 42    God:    Cheibriados [******]
Gold:   5586       SH: 35    Dex: 30    Spells: 14/70 levels left

rFire    + + +     SeeInvis +     - Unarmed
rCold    + + .     Gourm    .   K - +10 tower shield of Ignorance {rN+ Int-4}
rNeg     + . .     Faith    .   W - +2 robe {Archmagi}
rPois    +         Spirit   .   i - +3 crown of Dyrovepreva {rElec Int+2 SInv}
rElec    +         Reflect  .   b - +1 cloak of Starlight {rElec rC+ EV+4 Stlth--}
rCorr    .         Harm     .   N - +1 pair of gloves {archery}
MR       ++++.     Rnd*Rage +   S - +4 naga barding {rF+}
Stlth    +.........             A - amulet "Geilidao" {rC+ Regen+ Int+3 SInv}
HPRegen  1.04/turn              U - ring of Curiosity {rF+ MR+ Int+6}
MPRegen  0.33/turn              y - ring "Xaiha" {rF+ Str+3 SInv}

@: very slow
A: large, yellow scales 1, see invisible, agile 1, berserk 1, deformed body,
dopey 1, fire resistance 1, high mp 1, poison resistance, robust 1, slowness 2,
inhibited regeneration, slow metabolism 1, spit poison 2, constrict 1, AC +9
0: Orb of Zot
}: 15/15 runes: barnacled, slimy, silver, golden, iron, obsidian, icy, bone,
abyssal, demonic, glowing, magical, fiery, dark, gossamer
a: Breathe Poison Gas, Bend Time, Temporal Distortion, Slouch, Step From Time,
Renounce Religion


You escaped.
You worshipped Cheibriados.
Cheibriados was exalted by your worship.
You were very full.

You visited 18 branches of the dungeon, and saw 89 of its levels.
You visited Pandemonium 1 time, and saw 12 of its levels.
You visited the Abyss 1 time.
You visited 1 ziggurat, and saw 14 of its levels.
You also visited: Ossuary, Ice Cave and Volcano.

You collected 9583 gold pieces.
You spent 3997 gold pieces at shops.

Inventory:

Missiles
 V - 18 throwing nets (quivered)
Armour
 b - the +1 cloak of Starlight (worn) {rElec rC+ EV+4 Stlth--}
   (You found it on level 12 of a ziggurat)

   It affects your evasion (+4).
   It protects you from cold.
   It insulates you from electricity.
   It makes you much less stealthy.
 i - the +3 crown of Dyrovepreva (worn) {rElec Int+2 SInv}
   (You found it on level 3 of the Tomb of the Ancients)

   It affects your intelligence (+2).
   It insulates you from electricity.
   It lets you see invisible.
 H - the +2 hat of the Bear Spirit {Spirit, +Rage rN+ MR++}
   (You found it on level 3 of the Depths)

   It protects you from negative energy.
   It affects your resistance to hostile enchantments.
   It lets you go berserk.
 K - the +10 tower shield of Ignorance (worn) {rN+ Int-4}
   (You found it on level 11 of a ziggurat)

   It affects your intelligence (-4).
   It protects you from negative energy.
 N - a +1 pair of gloves of archery (worn)
 R - a scarf of repulsion
 S - a +4 naga barding of fire resistance (worn)
 W - a +2 robe of the Archmagi (worn)
Jewellery
 n - an uncursed ring of protection from fire
 o - an uncursed ring of resist corrosion
 q - the amulet "Tapsop" {Acrobat +Inv rF+ Int-5 SInv}
   (You found it on level 6 of the Lair of Beasts)

   [amulet of the acrobat]

   It helps you evade while moving and waiting.
   It affects your intelligence (-5).
   It protects you from fire.
   It lets you see invisible.
   It lets you turn invisible.
 r - the ring of Suspicion {rPois rC+ MR+ Slay+2}
   (You found it on level 3 of the Tomb of the Ancients)

   [ring of protection from magic]

   It affects your accuracy and damage with ranged weapons and melee attacks
   (+2).
   It protects you from cold.
   It protects you from poison.
   It affects your resistance to hostile enchantments.
 t - the macabre finger necklace {rN+}
   (You found it on level 10 of a ziggurat)

   [amulet of nothing]

   It protects you from negative energy.
 u - the ring of Yplisch {rC+ MR+ SInv}
   (You took it off a vault sentinel on level 5 of the Vaults)

   [ring of see invisible]

   It protects you from cold.
   It affects your resistance to hostile enchantments.
   It lets you see invisible.
 y - the ring "Xaiha" (right hand) {rF+ Str+3 SInv}
   (You found it on level 1 of the Vaults)

   [ring of see invisible]

   It affects your strength (+3).
   It protects you from fire.
   It lets you see invisible.
 A - the amulet "Geilidao" (around neck) {rC+ Regen+ Int+3 SInv}
   (You took it off a deep elf mage on level 3 of the Elven Halls)

   [amulet of regeneration]

   It affects your intelligence (+3).
   It protects you from cold.
   It lets you see invisible.
   It increases your rate of regeneration.
 D - an uncursed ring of protection from cold
 U - the ring of Curiosity (left hand) {rF+ MR+ Int+6}
   (You found it on level 14 of a ziggurat)

   [ring of protection from magic]

   It affects your intelligence (+6).
   It protects you from fire.
   It affects your resistance to hostile enchantments.
 X - an uncursed amulet of faith
Wands
 c - a wand of paralysis (54)
 k - a wand of acid (8)
 x - a wand of digging (1)
 L - a wand of clouds (4)
Scrolls
 a - a scroll of enchant armour
 h - 42 scrolls of remove curse
 j - 2 scrolls of blinking
 m - 7 scrolls of amnesia
 p - 7 scrolls of identify
 v - 19 scrolls of teleportation
 w - 3 scrolls of summoning
 z - 8 scrolls of fear
 F - 9 scrolls of fog
 T - 4 scrolls of magic mapping
Potions
 d - 4 potions of ambrosia
 e - 2 potions of resistance
 g - 14 potions of brilliance
 s - a potion of magic
 C - 10 potions of cancellation
 E - 7 potions of curing
 I - 12 potions of flight
 M - a potion of invisibility
 Q - 3 potions of might
 Z - 7 potions of heal wounds
Miscellaneous
 l - a figurine of a ziggurat
 B - 18 phantom mirrors
 O - a phial of floods
 P - 9 boxes of beasts
 Y - a lightning rod (4/4)
Comestibles
 f - 49 rations


   Skills:
 O Level 27 Fighting
 - Level 6.0 Throwing
 - Level 8.0 Armour
 O Level 27 Dodging
 - Level 1.5 Stealth
 - Level 16.8 Shields
 O Level 27 Unarmed Combat
 * Level 22.0 Spellcasting
   Level 1.0 Hexes
 - Level 3.0 Charms
 - Level 6.0 Summonings
 - Level 20.0 Necromancy
 - Level 22.0 Translocations
 - Level 14.0 Transmutations
 - Level 9.0 Earth Magic
 O Level 27 Invocations
 - Level 5.0 Evocations


You had 14 spell levels left.
You knew the following spells:

 Your Spells              Type           Power        Failure   Level  Hunger
a - Statue Form           Tmut/Erth      ########.    1%          6    None
b - Death Channel         Necr           ########..   1%          6    None
c - Song of Slaying       Chrm           #######.     1%          2    None
d - Shroud of Golubria    Chrm/Tloc      ######       0%          2    None
e - Lesser Beckoning      Tloc           ########..   0%          3    None
f - Necromutation         Tmut/Necr      ########..   2%          8    None
g - Lee's Rapid Deconstr  Erth           ########..   1%          5    None
h - Blink                 Tloc           N/A          0%          2    None
i - Aura of Abjuration    Summ           #######...   1%          5    None
j - Borgnjor's Revivific  Necr           ########..   1%          8    None
k - Malign Gateway        Summ/Tloc      ########..   1%          7    None
l - Summon Butterflies    Summ           #######.     1%          1    None
m - Apportation           Tloc           ######       0%          1    None

Your spell library contained the following spells:

 Spells                   Type           Power        Failure   Level  Hunger
 Animate Skeleton         Necr           N/A          0%          1    None
 Beastly Appendage        Tmut           ######       0%          1    None
 Pain                     Necr           ####         0%          1    None
 Sandblast                Erth           ######       0%          1    None
 Corpse Rot               Necr/Air       N/A          0%          2    None
 Passwall                 Tmut/Erth      ########     0%          2    None
 Sticks to Snakes         Tmut           ########     0%          2    None
 Sublimation of Blood     Necr           ########..   0%          2    None
 Gell's Gravitas          Tloc           ########..   0%          3    None
 Portal Projectile        Hex/Tloc       ######       0%          3    None
 Recall                   Summ/Tloc      N/A          0%          3    None
 Animate Dead             Necr           N/A          0%          4    None
 Dispel Undead            Necr           ########     0%          4    None
 Agony                    Necr           ########     0%          5    None
 Dispersal                Tloc           ########..   0%          6    None
 Corona                   Hex            ######.      1%          1    None
 Infusion                 Chrm           ####         1%          1    None
 Magic Dart               Conj           ####         1%          1    None
 Shock                    Conj/Air       ####         1%          1    None
 Sting                    Tmut/Pois      ####         1%          1    None
 Summon Small Mammal      Summ           ####         1%          1    None
 Call Imp                 Summ           #######.     1%          2    None
 Ensorcelled Hibernation  Hex/Ice        ######       1%          2    None
 Poisonous Vapours        Pois/Air       ######       1%          2    None
 Slow                     Hex            ######..     1%          2    None
 Swiftness                Chrm/Air       ######..     1%          2    None
 Call Canine Familiar     Summ           #######.     1%          3    None
 Confusing Touch          Hex            ######..     1%          3    None
 Conjure Flame            Conj/Fire      ######..     1%          3    None
 Dazzling Flash           Conj/Hex       ######       1%          3    None
 Ignite Poison            Fire/Tmut/Pois #######.     1%          3    None
 Inner Flame              Hex/Fire       ######..     1%          3    None
 Mephitic Cloud           Conj/Pois/Air  ######..     1%          3    None
 Ozocubu's Armour         Chrm/Ice       ######..     1%          3    None
 Spectral Weapon          Hex/Chrm       #######.     1%          3    None
 Spider Form              Tmut/Pois      ########..   1%          3    None
 Static Discharge         Conj/Air       ######..     1%          3    None
 Stone Arrow              Conj/Erth      ######       1%          3    None
 Summon Guardian Golem    Hex/Summ       #######.     1%          3    None
 Tukima's Dance           Hex            ######..     1%          3    None
 Ice Form                 Ice/Tmut       ########     1%          4    None
 Iskenderun's Mystic Bla  Conj/Tloc      ########     1%          4    None
 Leda's Liquefaction      Hex/Erth       #######...   1%          4    None
 Petrify                  Tmut/Erth      ########     1%          4    None
 Summon Ice Beast         Ice/Summ       #######.     1%          4    None
 Summon Lightning Spire   Summ/Air       #######.     1%          4    None
 Alistair's Intoxication  Tmut/Pois      ########     1%          5    None
 Blade Hands              Tmut           ########..   1%          5    None
 Borgnjor's Vile Clutch   Necr/Erth      ########..   1%          5    None
 Excruciating Wounds      Chrm/Necr      ########..   1%          5    None
 Irradiate                Conj/Tmut      ########..   1%          5    None
 Summon Demon             Summ           #######...   1%          5    None
 Summon Forest            Summ/Tloc      ########..   1%          5    None
 Yara's Violent Unravell  Hex/Tmut       ########..   1%          5    None
 Simulacrum               Ice/Necr       ########..   1%          6    None
 Dragon Form              Tmut           ########..   1%          7    None
 Haunt                    Necr/Summ      ########..   1%          7    None
 Controlled Blink         Tloc           N/A          1%          8    None
 Disjunction              Tloc           ########..   1%          8    None
 Infestation              Necr           ########..   1%          8    None
 Cause Fear               Hex            ######....   3%          4    None
 Bolt of Magma            Conj/Fire/Erth #######...   3%          5    None
 Eringya's Noxious Bog    Tmut/Pois      ########..   3%          6    None
 Airstrike                Air            ######....   4%          4    None
 Olgreb's Toxic Radiance  Pois           ######..     4%          4    None
 Iskenderun's Battlesphe  Conj/Chrm      ######..     7%          5    None
 Metabolic Englaciation   Hex/Ice        ######....   10%         5    None
 Silence                  Hex/Air        ######....   10%         5    None
 Iron Shot                Conj/Erth      #######...   11%         6    None
 Lightning Bolt           Conj/Air       ######....   12%         5    None
 Death's Door             Chrm/Necr      ########..   26%         8    None
 Monstrous Menagerie      Summ           #######...   32%         7    None
 Summon Greater Demon     Summ           #######...   32%         7    None
 Invisibility             Hex            ######..     41%         6    None
 Freezing Cloud           Conj/Ice/Air   ######....   56%         6    None
 Starburst                Conj/Fire      ######....   56%         6    None
 Spellforged Servitor     Conj/Summ      #######...   73%         7    None
 Ring of Flames           Chrm/Fire      ######....   90%         7    None
 Summon Horrible Things   Summ           #######...   94%         8    None
 Orb of Destruction       Conj           ######....   98%         7    None
 Lehudib's Crystal Spear  Conj/Erth      #######...   99%         8    None
 Chain Lightning          Conj/Air       ######....   100%        8    None
 Discord                  Hex            ######....   100%        8    None
 Ignition                 Fire           ######....   100%        8    None
 Absolute Zero            Ice            ######....   100%        9    ###....
 Fire Storm               Conj/Fire      ######....   100%        9    ###....
 Shatter                  Erth           ########..   100%        9    ###....
 Tornado                  Air            ######....   100%        9    ###....


Dungeon Overview and Level Annotations

Branches:
Dungeon (15/15)            Temple (1/1) D:4            Lair (6/6) D:8
 Shoals (4/4) Lair:4       Spider (4/4) Lair:2        Slime (5/5) Lair:6
    Orc (2/2) D:9             Elf (3/3) Orc:2        Vaults (5/5) D:14
  Crypt (3/3) Vaults:3       Tomb (3/3) Crypt:3      Depths (5/5) D:15
   Hell (visited)             Dis (7/7) Hell            Geh (7/7) Hell
    Coc (7/7) Hell            Tar (7/7) Hell            Zot (5/5) Depths:5
Ossuary (visited)           IceCv (visited)         Volcano (visited)

Altars:
Ashenzari
Cheibriados
Dithmenos
Elyvilon
Fedhas
Gozag
Hepliaklqana
Kikubaaqudgha
Makhleb
Nemelex Xobeh
Okawaru
Qazlal
Ru
Sif Muna
Trog
Uskayaw
Vehumet
Wu Jian
Xom
Yredelemnul
Zin
The Shining One
Beogh
Jiyva
Lugonu

Shops:
D:7 (   D:12 [   D:13 *   Orc:1 [   Orc:2 }(?:   Elf:1 ?(   Elf:2 }   Elf:3 }
Vaults:1 =   Vaults:4 %   Depths:1 }   Depths:5 (

Portals:
Hell: Depths:1 Depths:2 Depths:3 Depths:4 Depths:5
Abyss: Depths:3 Depths:4
Pandemonium: Depths:1 Depths:3 Depths:4 Depths:5

Annotations:
Spider:2 exclusion: downstairs
Depths:2 exclusion: orange crystal statue
Abyss:1 Cerebov


Innate Abilities, Weirdness & Mutations

You cannot wear boots.
Your serpentine skin is tough. (AC +9)
You have supernaturally acute eyesight. (SInv)
Armour fits poorly on your strangely shaped body.
Your system is resistant to poisons. (rPois)
You cover ground very slowly.
You have a slow metabolism.
You can exhale a cloud of poison.
You can use your snake-like lower body to constrict enemies.
You are partially covered in yellow scales. (AC +2)
You are agile. (Dex +2)
You tend to lose your temper in combat.
You are dopey. (Int -2)
Your flesh is heat resistant. (rF+)
You have an increased reservoir of magic. (+10% MP)
You are robust. (+10% HP)
You do not regenerate when monsters are visible.


Message History

There is a staircase leading out of the dungeon here.
You see here a +0 short sword.
You block the green death's attack. x2
The green death gestures at you. The bolt of poison misses you.
You hit the green death. You grab the green death.
The green death is lightly wounded.
You constrict the green death.
You pummel the green death like a punching bag!!!
The green death is almost dead.
You constrict the green death. The green death gestures at you.
The bolt of poison misses you.
You pummel the green death!!
You kill the green death!
Cheibriados thoroughly appreciates the change of pace.
There is a staircase leading out of the dungeon here.
You see here a +0 short sword.
HP restored.
You have escaped!

.######.##.##.## #... ....#
#.##.###.###############.## .##.#
#..................(.#.....
.##.######.####..#########.#.###.
............####..## #.(.# #.
#####.####..##.....## ###.###.
####.####..#.P)..P.# #.)...
#......)...#.......## ###.##
#.##.#####.....@....# #.....
#.##.# #.#....^..## #.###.
#.##.#####...P...P.# #.# #.
#.##.#............## #.###.
#.##.#.####.###....# #.....
#.##.#.# #.# ####.# #.###.
#.##.#.# #.# #.# #.# #. #.##.#.#
#.# #.# ##.###. #.##.#.#
#.######.#######...##.


There were no monsters in sight!

Vanquished Creatures
  the Royal Jelly (Slime:5)
  Antaeus (Coc:7)
  Asmodeus (Geh:7)
  Gloorx Vloq (Pan)
  Ereshkigal (Tar:7)
  A seraph (Pan)
  the Serpent of Hell (Dis:7)
  Mnoleg (Pan)
  Lom Lobon (Pan)
  Dispater (Dis:7)
  Khufu (Crypt:3)
  5 orbs of fire
  16 ancient liches
  Mennas (Depths:5)
  Mara (Spider:3)
  Boris (thrice) (Vaults:2 Tomb:1 Tomb:3)
  39 greater mummies
  25 shard shrikes
  6 Killer Klowns
  7 curse toes
  Saint Roka (Depths:5)
  Geryon (Hell)
  2 profane servitors
  12 golden dragons
  6 caustic shrikes (Depths:4)
  20 bone dragons
  Arachne (Spider:4)
  16 doom hounds
  8 iron giants
  42 Tzitzimimeh
  20 Brimstone Fiends
  10 Hell Sentinels
  25 tentacled monstrosities
  5 electric golems
  31 Ice Fiends
  Rupert (Orc:2)
  Jorgrun (D:12)
  13 liches
  4 pandemonium lords
  28 Orb Guardians
  2 deep elf blademasters
  9 quicksilver dragons
  Asterion (Depths:1)
  20 Executioners
  13 titans
  2 deep elf master archers (Elf:3)
  11 tentacled starspawn
  The ghost of Dirian the Fencer, an adept MiFi of Jiyva (Vaults:1)
  38 acid blobs
  Gastronok (D:11)
  22 ancient champions
  12 sphinxes
  8 death cobs
  21 storm dragons
  Agnes (Elf:1)
  A fire giant (shapeshifter) (Vaults:5)
  22 shadow dragons
  11 tengu reavers
  Donald (Crypt:1)
  14 daevas
  10 draconian monks
  3 blood saints (Pan)
  14 fire giants
  7 revenants
  2 nagarajas (Abyss:4)
  15 frost giants
  10 deep elf sorcerers
  15 azure jellies
  7 draconian knights
  2 orc warlords (Orc:1)
  2 emperor scorpions (Spider:4)
  4 draconian scorchers
  31 balrugs
  14 iron dragons
  14 angels (Pan)
  A corrupter (Zig:14)
  A caustic shrike zombie (Zig:3)
  A juggernaut zombie (Crypt:1)
  4 curse skulls
  9 deep elf elementalists
  12 ghost moths
  17 vault wardens
  13 cacodemons
  22 very ugly things
  3 ghouls
  9 draconian annihilators
  5 warmongers
  4 elemental wellsprings
  15 war gargoyles
  2 draconian stormcallers
  14 ironheart preservers
  A spriggan defender (Depths:3)
  6 entropy weavers
  12 ophanim (Pan)
  3 draconian shifters
  70 reapers
  16 vampire knights
  28 stone giants
  12 bennus
  16 black draconians
  Nessos (Lair:4)
  3 deep elf demonologists
  11 green draconians
  6 apis (Pan)
  13 red draconians
  5 lorocyprocas
  8 white draconians
  3 black suns
  11 purple draconians
  The ghost of Wopp the Geomancer, a journeyman GrEE of Ashenzari (D:14)
  7 spark wasps
  9 deep elf annihilators
  14 yellow draconians
  12 eidola
  4 merfolk javelineers
  4 crystal guardians (Depths:2)
  19 blizzard demons
  18 jiangshi
  4 death oozes
  5 quicksilver dragon zombies
  8 merfolk impalers
  17 ettins
  11 green deaths
  The ghost of Deesahac the Severer, a journeyman BaFi of Cheibriados (Lair:3)
  21 mummy priests
  21 yaktaur captains
  A spectral kraken (Tar:7)
  11 deep elf death magi
  7 quicksilver dragon skeletons
  18 fire dragons
  10 deep elf high priests
  3 rakshasas
  2 kraken zombies
  29 ice dragons
  16 great orbs of eyes
  Erolcha (D:9)
  8 centaur warriors
  2 hell beasts (Zig:14)
  11 hydras
  4 ghost crabs
  Harold (D:8)
  33 vault guards
  7 spriggan air magi
  An alligator snapping turtle (Shoals:3)
  4 catoblepae
  6 tengu warriors
  3 death knights
  10 deep troll earth magi
  49 two-headed ogres
  16 ogre magi
  3 death yaks (Lair:6)
  3 merfolk aquamancers
  13 deep troll shamans
  Erica (D:11)
  9 satyrs
  A satyr (shapeshifter) (Zig:6)
  2 merfolk avatars (Shoals:4)
  A two-headed ogre (shapeshifter) (Depths:4)
  A queen ant (Spider:3)
  16 vampire magi
  26 dancing weapons
  40 hell hogs
  4 orc high priests
  12 titan zombies
  56 death scarabs
  10 spriggan berserkers
  A shock serpent (shapeshifter) (Vaults:5)
  4 shock serpents
  15 thrashing horrors
  9 storm dragon zombies
  59 sun demons
  37 soul eaters
  19 small abominations
  17 wretched stars
  A fire crab (Volcano)
  5 iron trolls
  2 spriggans (Depths:3)
  Nergalle (Lair:4)
  15 shadow wraiths
  4 spatial maelstroms
  21 hell knights
  28 deep elf knights
  3 iron golems
  6 storm dragon skeletons
  17 sixfirhies
  A spark wasp zombie (Zig:13)
  4 titan skeletons
  188 skeletal warriors
  10 cherubim (Pan)
  7 glowing orange brains
  6 sea snakes
  3 death drakes
  22 deep trolls
  A death drake (shapeshifter) (Depths:5)
  7 flayed ghosts
  19 deep elf archers
  4 golden dragon zombies
  3 gelid demonspawn (Pan)
  17 anaconda zombies
  11 unseen horrors
  3 tengu zombies
  An orange crystal statue (Vaults:3)
  3 lindwurms
  A swamp dragon (shapeshifter) (Elf:2)
  An obsidian statue (Zot:5)
  43 shadow demons
  6 golden dragon skeletons
  8 shadow dragon zombies
  12 wizards
  20 ironbrand convokers
  12 necromancers
  18 orc knights
  9 iron dragon zombies
  9 shining eyes
  A mana viper (shapeshifter) (Vaults:4)
  24 phantasmal warriors
  57 deep elf magi
  6 anaconda skeletons
  10 harpies
  11 orc sorcerers
  An orb spider (shapeshifter) (Vaults:1)
  9 orb spiders
  10 frost giant zombies
  7 wolf spider zombies
  17 manticores
  48 ugly things
  20 fauns
  3 shadow dragon skeletons
  8 stone giant zombies
  42 wolf spiders
  A manticore (shapeshifter) (Vaults:5)
  15 fire giant zombies
  11 stone giant skeletons
  26 moths of wrath
  7 cyclopes
  6 iron dragon skeletons
  4 oklob plants (Lair:5)
  5 worldbinders
  11 fire giant skeletons
  44 rust devils
  A water nymph (shapeshifter) (Depths:3)
  7 dire elephant zombies
  5 black mambas
  A guardian serpent (Abyss:4)
  5 apocalypse crabs
  7 frost giant skeletons
  2 guardian serpents (shapeshifter)
  9 molten gargoyles
  10 spiny frogs
  6 water nymphs
  5 elephants
  2 shock serpent zombies
  A spiny frog (shapeshifter) (Depths:2)
  11 merfolk sirens
  15 orange demons
  Maurice (Orc:1)
  22 smoke demons
  3 gargoyles
  4 ice statues
  9 spectral swamp worms (Tar:7)
  Psyche (D:8)
  An eye of devastation (Slime:3)
  18 vault sentinels
  18 hellions
  2 shock serpent skeletons
  7 torpor snails
  3 dire elephant skeletons
  3 emperor scorpion zombies
  Maggie (D:9)
  A yaktaur (shapeshifter) (D:15)
  4 kobold demonologists
  A minotaur zombie (Dis:5)
  52 tormentors
  A green draconian zombie (Coc:6)
  19 demonic crawlers
  3 catoblepas zombies
  10 hellwings
  9 rime drakes
  7 efreet
  An alligator snapping turtle skeleton (Crypt:2)
  41 freezing wraiths
  50 ice devils
  3 komodo dragons
  A yellow draconian zombie (Crypt:1)
  4 tengu conjurers
  A spark wasp simulacrum (Depths:3)
  46 yaktaurs
  51 guardian mummies
  22 red devils
  9 harpy zombies
  3 meliai (Spider:1)
  12 ancient zymes
  27 jumping spiders
  An iron troll skeleton (Crypt:3)
  A catoblepas skeleton (Tar:4)
  37 merfolk
  8 wind drakes
  15 hydra zombies
  3 silent spectres
  A queen bee (shapeshifter) (Vaults:1)
  A queen bee (Spider:1)
  9 trolls
  A meliai (shapeshifter) (Abyss:4)
  4 tyrant leeches (Lair:6)
  2 polar bears (D:12)
  A wolf spider simulacrum (D:15)
  15 ettin zombies
  18 hornets
  A harpy skeleton (Coc:2)
  2 shadow dragon simulacra
  A sphinx simulacrum (Vaults:5)
  6 hydra skeletons
  102 slime creatures
  12 blink frogs
  12 alligator zombies
  10 snapping turtles
  A snapping turtle (shapeshifter) (Vaults:3)
  23 dream sheep
  9 fire dragon zombies
  2 frost giant simulacra
  A deep troll zombie (Zig:1)
  20 hippogriffs
  2 iron dragon simulacra
  Sigmund (D:3)
  An ice dragon zombie (Tar:7)
  12 raiju
  4 alligator skeletons
  A fire giant simulacrum (Abyss:2)
  161 flying skulls
  2 stone giant simulacra
  3 black mamba zombies
  A centaur simulacrum (D:14)
  22 shadows
  5 air elementals
  47 starcursed masses
  19 tarantellas
  2 tarantellas (shapeshifter)
  52 yaks
  3 fire dragon skeletons
  3 ice dragon skeletons
  40 redbacks
  22 ushabtiu
  A yak (shapeshifter) (Depths:4)
  A spriggan (shapeshifter) (Vaults:3)
  14 water elementals
  7 wyverns
  13 ynoxinuls
  15 fire elementals
  10 ettin skeletons
  A basilisk (shapeshifter) (Depths:1)
  2 black mamba skeletons
  A fire bat (shapeshifter) (Vaults:4)
  2 fire bats (Volcano)
  A human (D:9)
  A steam dragon (Volcano)
  30 wraiths
  14 golden eyes
  15 neqoxecs
  14 hungry ghosts
  6 basilisks
  4 chaos spawn
  4 vampire mosquitoes
  2 human simulacra
  4 spatial vortices
  5 insubstantial wisps (Zig:11)
  4 wargs
  2 soldier ants (shapeshifter)
  3 hydra simulacra
  An acid dragon (D:12)
  11 water moccasins
  An orb spider zombie (Crypt:1)
  6 soldier ants (Spider:3)
  14 spiny frog zombies
  A floating eye (shapeshifter) (Depths:5)
  8 porcupines
  2 floating eyes
  5 snapping turtle zombies
  68 hell hounds
  A swamp drake (Zig:9)
  3 spiny frog skeletons
  A black mamba simulacrum (Coc:4)
  69 orc warriors
  A sky beast (shapeshifter) (Vaults:2)
  3 alligator simulacra
  3 manticore zombies
  11 eyes of draining
  5 sky beasts
  An ettin simulacrum (Coc:1)
  A black bear (D:7)
  16 ice beasts
  4 phantoms
  3 swamp dragon zombies
  41 ogres
  A black bear (shapeshifter) (Vaults:4)
  32 necrophages
  36 large abominations
  An ogre (shapeshifter) (Elf:3)
  A dream sheep zombie (Crypt:2)
  33 boggarts
  A snapping turtle skeleton (Dis:5)
  33 wolves
  19 centaurs
  A dream sheep skeleton (Crypt:1)
  3 swamp dragon skeletons
  11 crocodiles
  A crocodile (shapeshifter) (Depths:4)
  5 big kobolds
  5 elf zombies
  A yaktaur zombie (Crypt:3)
  A draconian skeleton (Crypt:3)
  4 earth elementals
  An elf skeleton (Tomb:2)
  A hippogriff skeleton (Crypt:2)
  15 bullfrogs
  A cyclops zombie (Crypt:3)
  2 spiny frog simulacra
  2 water moccasin zombies (Crypt:2)
  A wyvern zombie (D:13)
  A spriggan zombie (Geh:7)
  6 scorpions
  A water moccasin skeleton (D:6)
  An orc simulacrum (Vaults:1)
  60 wights
  A polar bear zombie (Crypt:3)
  A polar bear skeleton (Crypt:1)
  15 killer bees
  A yak skeleton (Crypt:3)
  2 spriggan skeletons (Tar:6)
  8 howler monkeys
  5 electric eels
  14 crimson imps
  6 lava snakes (Volcano)
  7 bullfrog zombies
  7 centaur zombies
  4 quasits
  11 hounds
  14 jellies
  7 centaur skeletons
  27 orc priests
  3 bullfrog skeletons
  A human zombie (Tar:5)
  32 orc wizards
  22 iron imps
  A human skeleton (Tar:1)
  3 iguanas
  32 worker ants
  A killer bee zombie (Ossuary)
  An ogre zombie (Coc:5)
  3 naga skeletons
  An acid dragon skeleton (Crypt:1)
  4 hound zombies
  84 mummies
  A howler monkey zombie (Ossuary)
  3 worker ant zombies (Ossuary)
  3 gnolls (D:5)
  7 adders
  A scorpion zombie (Crypt:2)
  A steam dragon skeleton (Crypt:1)
  A swamp drake skeleton (Crypt:2)
  20 shadow imps
  35 white imps
  9 ufetubi
  2 oozes
  3 adder skeletons
  7 adder zombies
  4 worms
  3 dart slugs
  10 leopard geckos
  101 orcs
  6 ball pythons
  4 giant cockroaches
  11 goblins
  4 hobgoblins
  12 jackals
  29 kobolds
  6 quokkas
  A ball python skeleton (Crypt:3)
  7 bats
  9 frilled lizards
  A giant cockroach zombie (Ossuary)
  A jackal zombie (Ossuary)
  A kobold skeleton (Tomb:2)
  A leopard gecko skeleton (D:6)
  2 leopard gecko zombies
  An orc skeleton (Tar:3)
  A quokka skeleton (D:4)
  5 quokka zombies
  11 rats
  A plant (Lair:5)
  5 starspawn tentacles
  9 tentacles
5497 creatures vanquished.

Vanquished Creatures (collateral kills)
  An Orb Guardian (Zot:5)
  2 quicksilver dragons (Zot:5)
  A shadow dragon (Zot:5)
  A draconian monk (Zig:8)
  A draconian shifter (Zot:5)
  A draconian stormcaller (Zig:8)
  2 green draconians
  A corrupter (Zig:14)
  2 yellow draconians (Zot:5)
  2 white draconians
  A mummy priest (Tomb:2)
  A death scarab (Tomb:2)
  A sun demon (Pan)
  A sixfirhy (Pan)
  An apocalypse crab (Zig:5)
  8 red devils (Pan)
  A guardian mummy (Tomb:2)
  A ynoxinul (Zig:5)
  3 neqoxecs
  A spatial vortex (Zig:5)
33 creatures vanquished.

Vanquished Creatures (others)
  A pandemonium lord (Zig:4)
  An Orb Guardian (Zot:5)
  10 eldritch tentacles
  A draconian monk (Zot:2)
  A draconian knight (Zot:2)
  A fire giant (Depths:3)
  3 elemental wellsprings
  A purple draconian (Zot:2)
  A red draconian (Zot:2)
  A yellow draconian (Zot:2)
  A green death (Pan)
  A two-headed ogre (Vaults:4)
  A vampire mage (Depths:4)
  A deep elf knight (Vaults:3)
  A necromancer (Hell)
  An orb spider (Spider:3)
  A rust devil (Dis:7)
  A hellwing (Pan)
  A tormentor (Dis:5)
  3 flying skulls
  A starcursed mass (Abyss:4)
  A wraith (Geh:6)
  2 shadows (Geh:7)
  3 golden eyes (Abyss:4)
  2 spatial vortices (Abyss:4)
  An acid dragon (Zig:9)
  An orc warrior (Orc:1)
  A wight (Tar:3)
  A quasit (D:12)
  An orc priest (Orc:2)
  An orc wizard (Vaults:3)
  3 white imps
  5 ufetubi (IceCv)
  5 ball lightnings (Pan)
  2 orcs
  A kobold (D:10)
  A kobold zombie (Geh:3)
  A block of ice (Pan)
  14 fungi
  3 lurking horrors
  129 plants
  24 starspawn tentacles
  12 tentacles
  2 withered plants (Ossuary)
250 creatures vanquished.

Grand Total: 5780 creatures vanquished

Notes
Turn   | Place    | Note
-------+----------+-------------------------------------------
     0 | D:1      | grindst0ne the Naga Hunter began the quest for the Orb.
     0 | D:1      | Reached XP level 1. HP: 19/19 MP: 1/1
   163 | D:1      | Reached XP level 2. HP: 10/26 MP: 2/2
   395 | D:1      | Reached skill level 1 in Unarmed Combat
  1130 | D:1      | Reached XP level 3. HP: 30/32 MP: 3/3
  1919 | D:2      | Reached XP level 4. HP: 32/40 MP: 4/4
  2441 | D:3      | Noticed Sigmund
  2459 | D:3      | Killed Sigmund
  2459 | D:3      | Reached XP level 5. HP: 49/49 MP: 5/5
  2459 | D:3      | Reached XP level 6. HP: 56/56 MP: 6/6
  2842 | D:3      | Found an ancient bone altar of Kikubaaqudgha.
  2963 | D:3      | Found a shadowy altar of Dithmenos.
  2972 | D:3      | You fall into a shaft and drop 1 floor!
  3005 | D:4      | Noticed a fire elemental
  3007 | D:4      | Found a stormy altar of Qazlal.
  3008 | D:4      | Noticed a water elemental
  3008 | D:4      | Noticed an air elemental
  3035 | D:4      | Noticed a phantom
  3043 | D:4      | Reached XP level 7. HP: 45/62 MP: 7/7
  3125 | D:4      | Reached skill level 1 in Shields
  3193 | D:4      | Found a sand-covered staircase.
  3207 | Ossuary  | Entered an ossuary
  3211 | Ossuary  | Learned a level 2 spell: Ensorcelled Hibernation
  3215 | Ossuary  | Learned a level 3 spell: Confusing Touch
  3466 | Ossuary  | Reached skill level 5 in Unarmed Combat
  3534 | Ossuary  | Reached XP level 8. HP: 41/72 MP: 8/8
  3683 | Ossuary  | Reached skill level 5 in Throwing
  4206 | D:4      | Found a hazy altar of Hepliaklqana.
  4244 | D:4      | Found a staircase to the Ecumenical Temple.
  4262 | Temple   | Entered the Ecumenical Temple
  4708 | D:5      | Entered Level 5 of the Dungeon
  5080 | D:5      | Reached skill level 5 in Fighting
  5177 | D:5      | Reached XP level 9. HP: 81/81 MP: 9/9
  5220 | D:5      | Found a sparkling altar of Nemelex Xobeh.
  5313 | D:5      | You fall into a shaft and drop 1 floor!
  5619 | D:5      | Found a radiant altar of Vehumet.
  5768 | D:5      | Found a glowing golden altar of the Shining One.
  5768 | D:5      | Found a burning altar of Makhleb.
  5770 | D:5      | Found a glowing silver altar of Zin.
  5770 | D:5      | Found a bloodstained altar of Trog.
  5772 | D:5      | Found an ornate altar of the Wu Jian Council.
  5772 | D:5      | Found a white marble altar of Elyvilon.
  5773 | D:5      | Found a shattered altar of Ashenzari.
  6554 | D:6      | Reached skill level 1 in Evocations
  7119 | D:7      | Found a shimmering altar of Xom.
  7131 | D:7      | Found Kayhacakh's Antique Weapon Shoppe.
  8239 | D:8      | Noticed Harold
  8256 | D:8      | Killed Harold
  8256 | D:8      | Reached skill level 5 in Dodging
  8256 | D:8      | Reached XP level 10. HP: 31/91 MP: 10/12
  8423 | D:8      | Noticed Psyche
  8437 | D:8      | Killed Psyche
  8947 | D:8      | Reached skill level 1 in Armour
  8978 | D:8      | Found a staircase to the Lair.
  9176 | D:8      | Found a snail-covered altar of Cheibriados.
  9186 | D:8      | Became a worshipper of Cheibriados the Contemplative
  9501 | D:9      | Noticed Maggie
  9534 | D:9      | Killed Maggie
  9739 | D:9      | Found a staircase to the Orcish Mines.
  9847 | D:9      | Reached * piety under Cheibriados
  9975 | D:9      | Noticed Erolcha
  9993 | D:9      | Killed Erolcha
  9993 | D:9      | Reached XP level 11. HP: 45/99 MP: 14/14
 10408 | D:10     | Entered Level 10 of the Dungeon
 10408 | D:10     | Noticed an unseen horror
 10503 | D:10     | Killed an unseen horror
 10503 | D:10     | Reached skill level 10 in Unarmed Combat
 10637 | D:10     | Reached ** piety under Cheibriados
 11030 | D:10     | Reached skill level 5 in Evocations
 11236 | D:11     | Noticed a cyan ugly thing
 11265 | D:11     | Noticed Erica
 11273 | D:11     | Noticed Gastronok
 11387 | D:11     | Reached *** piety under Cheibriados
 11414 | D:11     | Reached skill level 1 in Invocations
 11598 | D:11     | Killed a cyan ugly thing
 11640 | D:11     | Reached **** piety under Cheibriados
 11896 | Lair:1   | Entered Level 1 of the Lair of Beasts
 11984 | Lair:1   | Noticed a four-headed hydra
 11992 | Lair:1   | Killed a four-headed hydra
 12596 | Lair:2   | Reached XP level 12. HP: 71/110 MP: 15/15
 12655 | Lair:2   | Found a dark tunnel.
 12664 | Volcano  | Entered a volcano
 13006 | Volcano  | Found a burning altar of Makhleb.
 13029 | Volcano  | Reached skill level 5 in Invocations
 13522 | Lair:2   | Learned a level 2 spell: Song of Slaying
 13608 | Lair:2   | Reached ***** piety under Cheibriados
 13647 | Lair:2   | Reached skill level 1 in Charms
 13925 | Lair:2   | Found a hole to the Spider Nest.
 14122 | Lair:2   | Noticed a six-headed hydra
 14303 | Lair:2   | Killed a six-headed hydra
 14657 | Lair:3   | Got a pitted ring mail
 14659 | Lair:3   | Identified the +3 ring mail of Utwenk {rElec rCorr Int+4
                  | Dex+2} (You found it on level 3 of the Lair of Beasts)
 14718 | Lair:3   | Gained mutation: You can use your snake-like lower body to
                  | constrict enemies. [Naga growth]
 14718 | Lair:3   | Reached XP level 13. HP: 118/121 MP: 18/18
 14753 | Lair:3   | Found a transporter.
 14753 | Lair:3   | Noticed Deesahac's ghost (journeyman BaFi)
 14796 | Lair:3   | Found a transporter.
 15391 | Lair:4   | Found a staircase to the Shoals.
 15702 | Lair:4   | Noticed Nessos
 15718 | Lair:4   | Killed Nessos
 15808 | Lair:4   | Noticed Nergalle
 15821 | Lair:4   | Killed Nergalle
 15863 | Lair:4   | Reached skill level 1 in Hexes
 15969 | Lair:4   | Identified the +3 ring mail of the Untouchables {Harm} (You
                  | found it on level 4 of the Lair of Beasts)
 17587 | Lair:6   | Entered Level 6 of the Lair of Beasts
 17813 | Lair:6   | Reached skill level 10 in Invocations
 17821 | Lair:6   | Reached XP level 14. HP: 96/130 MP: 21/21
 17906 | Lair:6   | Learned a level 2 spell: Shroud of Golubria
 17980 | Lair:6   | Reached skill level 10 in Fighting
 18292 | Lair:6   | Found a viscous altar of Jiyva.
 18292 | Lair:6   | Found a staircase to the Slime Pits.
 18520 | Lair:6   | Found a runed translucent door.
 19398 | Lair:6   | Noticed a dire elephant
 19703 | Lair:6   | Got an ancient brass amulet
 19764 | Lair:6   | Identified the amulet "Tapsop" {Acrobat +Inv rF+ Int-5
                  | SInv} (You found it on level 6 of the Lair of Beasts)
 20746 | D:11     | Killed Erica
 21191 | D:11     | Killed Gastronok
 21608 | D:12     | Found a frozen archway.
 21651 | IceCv    | Entered an ice cave
 22598 | IceCv    | Noticed a reaper
 22607 | IceCv    | Killed a reaper
 22607 | IceCv    | Reached XP level 15. HP: 78/140 MP: 17/23
 22809 | IceCv    | Got a transparent demon whip
 22810 | IceCv    | Identified the +2 demon whip of Light {vorpal, Int+9} (You
                  | found it in an ice cave)
 23972 | D:12     | Found Donuacie's Antique Armour Shop.
 23994 | D:12     | Bought a glowing scarf for 176 gold pieces
 23994 | D:12     | Bought a shiny helmet for 165 gold pieces
 24282 | D:12     | Noticed Jorgrun
 24293 | D:12     | Killed Jorgrun
 25423 | D:13     | Reached skill level 5 in Armour
 25522 | D:13     | Found Baub's General Store.
 26240 | D:14     | Found a blossoming altar of Fedhas.
 26922 | D:14     | Reached skill level 15 in Unarmed Combat
 27508 | D:14     | Found a runed translucent door.
 27509 | D:14     | Noticed Wopp's ghost (journeyman GrEE)
 27616 | D:14     | Killed Wopp's ghost
 27873 | D:14     | Found a gate to the Vaults.
 28051 | D:15     | Entered Level 15 of the Dungeon
 28055 | D:15     | Got a faintly glowing buckler
 28068 | D:15     | Identified the +0 buckler of Syndicalism {rF+ Str-3 Dex+7}
                  | (You found it on level 15 of the Dungeon)
 28175 | D:15     | Reached XP level 16. HP: 98/151 MP: 26/26
 28185 | D:15     | Reached skill level 10 in Dodging
 28191 | D:15     | Reached ****** piety under Cheibriados
 28739 | D:15     | Found a staircase to the Depths.
 29056 | Orc:1    | Entered Level 1 of the Orcish Mines
 29166 | Orc:1    | Noticed Maurice
 29177 | Orc:1    | Killed Maurice
 29869 | Orc:1    | Found a roughly hewn altar of Beogh.
 30060 | Orc:1    | Paralysed by an orc sorcerer for 7 turns
 30143 | Orc:1    | Found Ihusu's Antique Armour Shop.
 30256 | Orc:2    | Entered Level 2 of the Orcish Mines
 30256 | Orc:2    | Found a roughly hewn altar of Beogh.
 30256 | Orc:2    | Noticed Rupert
 30264 | Orc:2    | Killed Rupert
 30334 | Orc:2    | Reached skill level 5 in Shields
 30436 | Orc:2    | Found a staircase to the Elven Halls.
 30491 | Orc:2    | Found Plog's Book Boutique.
 31225 | Orc:2    | Found Wuer's Antique Weapon Emporium.
 31310 | Orc:2    | Found Ohiatagh's Gadget Emporium.
 31312 | Orc:2    | Found Veco's Magic Scroll Boutique.
 31320 | Orc:2    | Bought a scroll of enchant armour for 82 gold pieces
 31429 | Orc:2    | Bought a book of Changes for 300 gold pieces
 31435 | Orc:2    | Learned a level 5 spell: Blade Hands
 31584 | Spider:1 | Entered Level 1 of the Spider Nest
 31882 | Spider:1 | Reached skill level 1 in Transmutations
 32689 | Spider:2 | Reached XP level 17. HP: 145/159 MP: 25/27
 33955 | Spider:3 | Noticed Mara
 33966 | Spider:3 | Killed Mara
 34480 | Spider:4 | Entered Level 4 of the Spider Nest
 34747 | Spider:4 | Noticed Arachne
 34764 | Spider:4 | Killed Arachne
 35057 | Spider:4 | Reached skill level 15 in Invocations
 36054 | Spider:4 | Reached XP level 18. HP: 145/168 MP: 24/29
 36430 | Spider:4 | Got a gossamer rune of Zot
 36652 | Shoals:1 | Entered Level 1 of the Shoals
 36751 | Lair:3   | Killed Deesahac's ghost
 36769 | Lair:3   | Got a smoking helmet
 36780 | Lair:3   | Identified the cursed +0 helmet of Fun and Games {Stlth+}
                  | (You found it on level 3 of the Lair of Beasts)
 36904 | Shoals:1 | Reached skill level 1 in Spellcasting
 37794 | Shoals:2 | Reached skill level 5 in Transmutations
 39397 | Shoals:4 | Entered Level 4 of the Shoals
 39429 | Shoals:4 | Identified the +9 falchion of the Exiled Seers {flame, rF+
                  | rN+ Int+4}
 39909 | Shoals:4 | Reached XP level 19. HP: 159/175 MP: 31/31
 40231 | Shoals:4 | Identified the +6 mace "Ruotuy" {venom, rF+}
 40725 | Shoals:4 | Got a barnacled rune of Zot
 41630 | Vaults:1 | Entered Level 1 of the Vaults
 42168 | Vaults:1 | HP: 8/175 [very large slime creature (27)]
 42719 | Vaults:1 | Found Xakler's Jewellery Shoppe.
 43576 | Vaults:1 | Found a runed translucent gate.
 43578 | Vaults:1 | Found a runed translucent gate.
 43579 | Vaults:1 | Found a runed translucent gate.
 43579 | Vaults:1 | Noticed Dirian's ghost (adept MiFi)
 43895 | Vaults:2 | Reached XP level 20. HP: 183/183 MP: 27/32
 44442 | Vaults:2 | Noticed Boris
 44454 | Vaults:2 | Killed Boris
 45666 | Vaults:3 | Found a staircase to the Crypt.
 45991 | Vaults:3 | Noticed a Tzitzimitl
 46804 | Vaults:4 | Reached XP level 21. HP: 190/190 MP: 28/34
 48185 | Vaults:4 | Found Unygaik's Food Emporium.
 48905 | Depths:1 | Entered Level 1 of the Depths
 49269 | Depths:1 | Found Luquycus's Gadget Boutique.
 49290 | Depths:1 | Noticed Asterion
 49304 | Depths:1 | Killed Asterion
 49543 | Depths:1 | Found a gateway to Hell.
 50006 | Depths:1 | Reached XP level 22. HP: 79/198 MP: 35/35
 50729 | Depths:1 | Found a one-way gate leading to the halls of Pandemonium.
 50731 | Depths:1 | Gained mutation: Your magical capacity is low. (-10% MP) [a
                  | neqoxec]
 51500 | Depths:2 | Identified the +1 robe "Leal" {Dex+2} (You found it on
                  | level 2 of the Depths)
 51764 | Depths:2 | Found a gateway to a ziggurat.
 51903 | Depths:2 | Found a runed translucent door.
 52581 | Depths:2 | Learned a level 6 spell: Statue Form
 52811 | Depths:2 | Reached skill level 1 in Earth Magic
 52845 | Depths:2 | Noticed an ancient lich
 53501 | Depths:3 | Learned a level 8 spell: Controlled Blink
 53541 | Depths:3 | Found the +2 hat of the Bear Spirit {Spirit, +Rage rN+
                  | MR++}
 53736 | Depths:3 | Reached skill level 10 in Transmutations
 53747 | Depths:3 | Reached XP level 23. HP: 204/207 MP: 28/33
 54427 | Depths:3 | Identified the +1 hat of Oblivion {Str+7} (You found it on
                  | level 3 of the Depths)
 55029 | Depths:3 | Found a corrupted altar of Lugonu.
 55031 | Depths:3 | Found a one-way gate to the infinite horrors of the Abyss.
 55358 | Depths:4 | Noticed a caustic shrike
 55358 | Depths:4 | Noticed a caustic shrike
 55365 | Depths:4 | Killed a caustic shrike
 55365 | Depths:4 | Reached skill level 5 in Earth Magic
 55401 | Depths:4 | Noticed a caustic shrike
 55407 | Depths:4 | Killed a caustic shrike
 55411 | Depths:4 | Killed a caustic shrike
 55417 | Depths:4 | Noticed a caustic shrike
 55421 | Depths:4 | Killed a caustic shrike
 55987 | Depths:4 | Found an ancient bone altar of Kikubaaqudgha.
 55988 | Depths:4 | Found an iron altar of Okawaru.
 55989 | Depths:4 | Found a hide-covered altar of Uskayaw.
 56236 | Depths:4 | Noticed a caustic shrike
 56240 | Depths:4 | Killed a caustic shrike
 56291 | Depths:4 | Noticed a golden dragon
 56292 | Depths:4 | Reached skill level 5 in Spellcasting
 56302 | Depths:4 | Killed a golden dragon
 56302 | Depths:4 | Reached XP level 24. HP: 176/216 MP: 19/33
 56402 | Depths:4 | Noticed a caustic shrike
 56405 | Depths:4 | Killed a caustic shrike
 56619 | Depths:4 | Found the +0 pair of fencer's gloves {Riposte Dex+3}
 56623 | Depths:4 | Identified the Incunabulum of the Ghastly Voyage
 56628 | Depths:4 | Learned a level 2 spell: Blink
 56720 | Depths:4 | Reached skill level 1 in Translocations
 56725 | Depths:4 | Found the +8 lance "Wyrmbane" {slay drac, rPois rF+ rC+
                  | AC+3}
 57246 | Depths:5 | Entered Level 5 of the Depths
 57364 | Depths:5 | Reached skill level 5 in Translocations
 57657 | Depths:5 | Noticed Mennas
 57780 | Depths:5 | Found a gate to the Realm of Zot.
 57895 | Depths:5 | Found Juedep's Weapon Emporium.
 57985 | Depths:5 | Killed Mennas
 57985 | Depths:5 | Reached skill level 10 in Translocations
 57989 | Depths:5 | Noticed Saint Roka
 57998 | Depths:5 | Killed Saint Roka
 58470 | Depths:2 | Killed an ancient lich
 58470 | Depths:2 | Reached XP level 25. HP: 223/223 MP: 25/33
 58783 | Depths:2 | Identified the +7 long sword of the Present {drain, +Blink
                  | rF++ rC-}
 59042 | Elf:1    | Entered Level 1 of the Elven Halls
 59253 | Elf:1    | Noticed Agnes
 59260 | Elf:1    | Killed Agnes
 59337 | Elf:1    | Found Gini's Weapon Boutique.
 59337 | Elf:1    | Found Innamn's Magic Scroll Shop.
 59374 | Elf:1    | Bought a scroll of teleportation for 45 gold pieces
 59374 | Elf:1    | Bought 2 scrolls of magic mapping for 105 gold pieces
 59374 | Elf:1    | Bought a scroll of teleportation for 45 gold pieces
 59374 | Elf:1    | Bought a scroll of teleportation for 45 gold pieces
 59668 | Elf:1    | Identified Peuthrisy's Papyrus of Unholy Magic
 59677 | Elf:1    | Learned a level 6 spell: Death Channel
 59680 | Elf:1    | Learned a level 2 spell: Sublimation of Blood
 59686 | Elf:1    | Learned a level 5 spell: Lee's Rapid Deconstruction
 59994 | Elf:2    | Found Roiplyri's Gadget Shop.
 60284 | Elf:2    | Found a runed translucent gate.
 60284 | Elf:2    | Found a runed translucent gate.
 60285 | Elf:2    | Found a runed translucent gate.
 60827 | Elf:3    | Entered Level 3 of the Elven Halls
 61120 | Elf:3    | Identified the amulet "Geilidao" {rC+ Regen+ Int+3 SInv}
 61161 | Elf:3    | Identified the +10 falchion of Voek {distort, rElec Str+5
                  | Int+4}
 61177 | Elf:3    | Identified the +6 flail of Reason {elec, MR+}
 61177 | Elf:3    | Identified the +0 robe of the Heavens {MP+9}
 61378 | Elf:3    | Found Cofik's Gadget Boutique.
 61387 | Elf:3    | Reached skill level 15 in Translocations
 61971 | Elf:3    | Got a scintillating golden amulet
 61972 | Elf:3    | Identified the amulet "Kuafri" {Inacc Dex+3} (You found it
                  | on level 3 of the Elven Halls)
 61983 | Elf:3    | Identified the Catalogue of Doomed Protection
 62557 | Vaults:5 | Entered Level 5 of the Vaults
 62568 | Vaults:5 | Reached XP level 26. HP: 231/231 MP: 21/33
 62804 | Vaults:5 | Noticed an ancient lich
 62813 | Vaults:5 | Killed an ancient lich
 63002 | Vaults:5 | Identified the +4 hand crossbow of the Vulture {speed, rC+
                  | Str+2}
 63279 | Vaults:5 | Found the +6 Majin-Bo {vamp, Archmagi MP+6 Int+6}
 63305 | Vaults:5 | Got a silver rune of Zot
 63512 | Vaults:5 | Identified the Disquisition on the Hurtful Birds
 63640 | Vaults:5 | Identified the ring of Yplisch {rC+ MR+ SInv}
 63654 | Vaults:5 | Reached XP level 27. HP: 233/241 MP: 18/33
 64106 | Vaults:5 | Identified the +1 robe of Insecurity {*Contam Str+3 Dex+4}
                  | (You found it on level 5 of the Vaults)
 64520 | Crypt:1  | Entered Level 1 of the Crypt
 64874 | Crypt:1  | Noticed Donald
 64883 | Crypt:1  | Killed Donald
 65494 | Crypt:2  | Noticed a greater mummy
 65498 | Crypt:2  | Killed a greater mummy
 65899 | Crypt:2  | Found a basalt altar of Yredelemnul.
 65949 | Crypt:2  | Identified Camnaud's Catalogue of Creative Conjuration
 65957 | Crypt:2  | Learned a level 5 spell: Aura of Abjuration
 66028 | Crypt:3  | Entered Level 3 of the Crypt
 66116 | Crypt:3  | Reached skill level 1 in Summonings
 66261 | Crypt:3  | Noticed Khufu
 66263 | Crypt:3  | Noticed a greater mummy
 66269 | Crypt:3  | Killed Khufu
 66270 | Crypt:3  | Reached skill level 15 in Dodging
 66274 | Crypt:3  | Noticed a greater mummy
 66275 | Crypt:3  | Killed a greater mummy
 66275 | Crypt:3  | Reached skill level 10 in Shields
 66280 | Crypt:3  | Killed a greater mummy
 66716 | Crypt:3  | Found a staircase to the Tomb.
 67128 | Crypt:3  | Noticed an ancient lich
 67402 | Depths:1 | Bought a wand of digging (4) for 320 gold pieces
 67402 | Depths:1 | Bought a wand of digging (6) for 400 gold pieces
 67883 | Crypt:3  | Killed an ancient lich
 67905 | Crypt:3  | Noticed an ancient lich
 67906 | Crypt:3  | Noticed an ancient lich
 67913 | Crypt:3  | Killed an ancient lich
 67919 | Crypt:3  | Killed an ancient lich
 67934 | Crypt:3  | Identified the Handbook of Unholy Arts
 68406 | Zot:1    | Entered Level 1 of the Realm of Zot
 68668 | Zot:1    | Reached skill level 1 in Necromancy
 68723 | Zot:1    | Reached skill level 5 in Summonings
 69579 | Zot:2    | You fall into a shaft and drop 2 floors!
 69604 | Zot:4    | Reached skill level 15 in Fighting
 70190 | Zot:4    | Reached skill level 10 in Spellcasting
 70467 | Zot:4    | Reached skill level 5 in Necromancy
 70602 | Zot:4    | Noticed an orb of fire
 70607 | Zot:4    | Killed an orb of fire
 70929 | Zot:4    | Got a slimy silver ring
 70930 | Zot:4    | Identified the ring of Attitude {+Fly MR+} (You found it on
                  | level 4 of the Realm of Zot)
 73025 | Zot:2    | Noticed an orb of fire
 73990 | Slime:1  | Entered Level 1 of the Pits of Slime
 74326 | Slime:2  | Gained mutation: You are clumsy. (Dex -2) [a shining eye]
 75349 | Slime:3  | Learned a level 5 spell: Borgnjor's Vile Clutch
 75437 | Slime:3  | Found a viscous altar of Jiyva.
 75578 | Slime:3  | Gained mutation: You are occasionally teleported next to
                  | monsters. [a shining eye]
 75581 | Slime:3  | Gained mutation: You occasionally shout uncontrollably at
                  | your foes. [a shining eye]
 75589 | Slime:3  | Gained mutation: You are dopey. (Int -2) [a shining eye]
 75653 | Slime:5  | Entered Level 5 of the Pits of Slime
 75999 | Slime:5  | Reached skill level 10 in Necromancy
 76036 | Slime:4  | Gained mutation: Your body sometimes deteriorates upon
                  | taking damage. [a shining eye]
 76119 | Slime:5  | Gained mutation: You are sometimes teleported next to
                  | monsters. [a shining eye]
 76120 | Slime:5  | Gained mutation: You sometimes yell uncontrollably at your
                  | foes. [a shining eye]
 76275 | Slime:5  | Noticed the Royal Jelly
 76286 | Slime:5  | Killed the Royal Jelly
 76299 | Slime:5  | Gained mutation: Your magical capacity is very low. (-20%
                  | MP) [a shining eye]
 76590 | Slime:5  | Got a pitted bone amulet
 76591 | Slime:5  | Identified the amulet "Camigis" {RegenMP rElec MR+ Int-4}
                  | (You found it on level 5 of the Pits of Slime)
 76638 | Slime:5  | Got a slimy rune of Zot
 76639 | Slime:5  | Identified Sif Muna's Disquisition on the Traveller and
                  | Poison
 76664 | Slime:5  | Identified a scroll of acquirement
 76668 | Slime:5  | Identified the Guide on Translocation and Flight
 76686 | Slime:5  | Identified the ring of Ypiup {+Inv rN+ MP+9 Dex+5} (You
                  | found it on level 5 of the Pits of Slime)
 76924 | Slime:5  | Got the ring "Ykididdu" {MR+ Int+7 Dex+6}
 76930 | Slime:5  | Lost mutation: Your body sometimes deteriorates upon taking
                  | damage. [potion of mutation]
 76930 | Slime:5  | Lost mutation: You are clumsy. (Dex -2) [potion of
                  | mutation]
 76930 | Slime:5  | Lost mutation: You sometimes yell uncontrollably at your
                  | foes. [potion of mutation]
 76930 | Slime:5  | Lost mutation: Your magical capacity is very low. (-20% MP)
                  | [potion of mutation]
 76930 | Slime:5  | Gained mutation: Your movements are slightly less
                  | encumbered by armour. (ER -2) [potion of mutation]
 76930 | Slime:5  | Gained mutation: You passively map a small area around you.
                  | [potion of mutation]
 76931 | Slime:5  | Lost mutation: You occasionally shout uncontrollably at
                  | your foes. [potion of mutation]
 76931 | Slime:5  | Lost mutation: Your movements are slightly less encumbered
                  | by armour. (ER -2) [potion of mutation]
 76931 | Slime:5  | Lost mutation: Your magical capacity is low. (-10% MP)
                  | [potion of mutation]
 76931 | Slime:5  | Gained mutation: Your body sometimes deteriorates upon
                  | taking damage. [potion of mutation]
 76931 | Slime:5  | Gained mutation: Your flesh is cold resistant. (rC+)
                  | [potion of mutation]
 76931 | Slime:5  | Lost mutation: You are dopey. (Int -2) [potion of mutation]
 76931 | Slime:5  | Gained mutation: Your muscles are strong. (Str +2) [potion
                  | of mutation]
 76932 | Slime:5  | Lost mutation: Your muscles are strong. (Str +2) [potion of
                  | mutation]
 76932 | Slime:5  | Lost mutation: Your body sometimes deteriorates upon taking
                  | damage. [potion of mutation]
 76932 | Slime:5  | Lost mutation: You passively map a small area around you.
                  | [potion of mutation]
 76932 | Slime:5  | Lost mutation: Your flesh is cold resistant. (rC+) [potion
                  | of mutation]
 76932 | Slime:5  | Gained mutation: You can exhale a cloud of poison. [potion
                  | of mutation]
 76932 | Slime:5  | Gained mutation: You are covered in fur. (AC +1) [potion of
                  | mutation]
 76933 | Slime:5  | Lost mutation: You are covered in fur. (AC +1) [potion of
                  | mutation]
 76933 | Slime:5  | Lost mutation: You can exhale a cloud of poison. [potion of
                  | mutation]
 76933 | Slime:5  | Lost mutation: You are sometimes teleported next to
                  | monsters. [potion of mutation]
 76933 | Slime:5  | Gained mutation: You do not regenerate when monsters are
                  | visible. [potion of mutation]
 76933 | Slime:5  | Gained mutation: You tend to lose your temper in combat.
                  | [potion of mutation]
 76933 | Slime:5  | Gained mutation: Your muscles are strong. (Str +2) [potion
                  | of mutation]
 76934 | Slime:5  | Lost mutation: Your muscles are strong. (Str +2) [potion of
                  | mutation]
 76934 | Slime:5  | Lost mutation: You tend to lose your temper in combat.
                  | [potion of mutation]
 76934 | Slime:5  | Lost mutation: You do not regenerate when monsters are
                  | visible. [potion of mutation]
 76934 | Slime:5  | Gained mutation: You can exhale a cloud of poison. [potion
                  | of mutation]
 76934 | Slime:5  | Gained mutation: You have a pair of small antennae on your
                  | head. [potion of mutation]
 76935 | Slime:5  | Lost mutation: You can exhale a cloud of poison. [potion of
                  | mutation]
 76935 | Slime:5  | Lost mutation: You are occasionally teleported next to
                  | monsters. [potion of mutation]
 76935 | Slime:5  | Lost mutation: You have a pair of small antennae on your
                  | head. [potion of mutation]
 76935 | Slime:5  | Gained mutation: You possess an exceptional clarity of
                  | mind. [potion of mutation]
 76935 | Slime:5  | Gained mutation: You are partially covered in yellow
                  | scales. (AC +2) [potion of mutation]
 77642 | Vaults:1 | Killed Dirian's ghost
 77679 | Vaults:1 | Got a faintly glowing lead ring
 77680 | Vaults:1 | Identified the ring "Xaiha" {rF+ Str+3 SInv} (You found it
                  | on level 1 of the Vaults)
 78517 | Hell     | Entered the Vestibule of Hell
 78517 | Hell     | Noticed Geryon
 78529 | Hell     | Killed Geryon
 78818 | Hell     | Found a gateway to the freezing wastes of Cocytus.
 79025 | Hell     | Found a gateway to the Iron City of Dis.
 79169 | Hell     | Found a gateway to the decaying netherworld of Tartarus.
 79265 | Hell     | Found a gateway to the ashen valley of Gehenna.
 79922 | Coc:1    | Entered Level 1 of Cocytus
 80908 | Orc:2    | Bought Sif Muna's Handbook of Orientation and Moulding for
                  | 2314 gold pieces
 80912 | Orc:2    | Learned a level 3 spell: Lesser Beckoning
 82468 | Coc:5    | Reached skill level 15 in Shields
 83073 | Coc:7    | Entered Level 7 of Cocytus
 83766 | Coc:7    | Reached skill level 15 in Necromancy
 83781 | Coc:7    | Identified the +1 leather armour of Exclusion {+Fly rPois}
 83819 | Coc:7    | Identified the +8 lajatang of Qooj {vamp, Int+3}
 84201 | Coc:7    | Identified the +5 executioner's axe of the Toadstool
                  | {vorpal, *Noise *Slow rPois Int+5}
 84382 | Coc:7    | Got a translucent amethyst amulet
 84383 | Coc:7    | Identified the amulet "Seyruedu" {Inacc Str+2} (You found
                  | it on level 7 of Cocytus)
 84467 | Coc:7    | Noticed Antaeus
 84501 | Coc:7    | Killed Antaeus
 84615 | Coc:7    | Got an icy rune of Zot
 84699 | Tar:1    | Entered Level 1 of Tartarus
 86462 | Tar:6    | Reached skill level 27 in Invocations
 86551 | Tar:6    | Learned a level 7 spell: Malign Gateway
 86833 | Tar:7    | Entered Level 7 of Tartarus
 87264 | Tar:7    | Noticed Ereshkigal
 87651 | Tar:7    | Killed Ereshkigal
 87665 | Tar:7    | Found the +7 pair of quick blades "Gyre" and "Gimble"
                  | {protect}
 87675 | Tar:7    | Got a bone rune of Zot
 87682 | Tar:7    | Got a sparkling marble ring
 87683 | Tar:7    | Identified the ring of Asmaaxemm {MR+ Dex+5} (You found it
                  | on level 7 of Tartarus)
 88198 | Zig:1    | Entered Level 1 of a ziggurat
 88215 | Zig:2    | Entered Level 2 of a ziggurat
 88237 | Zig:3    | Entered Level 3 of a ziggurat
 88267 | Zig:4    | Entered Level 4 of a ziggurat
 88268 | Zig:4    | Noticed Zuqeobou the pandemonium lord
 88270 | Zig:4    | Killed Zuqeobou the pandemonium lord
 88322 | Zig:5    | Entered Level 5 of a ziggurat
 88323 | Zig:5    | Gained mutation: You are weak. (Str -2) [a neqoxec]
 88326 | Zig:5    | Paralysed by accursed screaming for 1 turns
 88363 | Zig:6    | Entered Level 6 of a ziggurat
 88406 | Zig:7    | Entered Level 7 of a ziggurat
 88409 | Zig:7    | Noticed a greater mummy
 88418 | Zig:7    | Killed a greater mummy
 88445 | Zig:7    | Identified the cursed +0 kite shield of Tielli Cuoh {rPois}
                  | (You found it on level 7 of a ziggurat)
 88583 | Zig:8    | Entered Level 8 of a ziggurat
 88593 | Zig:8    | Found the +0 sword of Power
 88595 | Zig:8    | Found the +8 storm bow {elec, penet}
 88673 | Zig:9    | Entered Level 9 of a ziggurat
 88789 | Zig:10   | Entered Level 10 of a ziggurat
 88801 | Zig:10   | Gained mutation: You are partially covered in rugged brown
                  | scales. (AC +1, +3% HP) [a cacodemon]
 88841 | Zig:10   | Found the macabre finger necklace {rN+}
 88850 | Zig:10   | Identified the Almanac of the Rocks and Execration
 88861 | Zig:10   | Got a slimy lead ring
 88862 | Zig:10   | Identified the ring of Avaof {EV+4 Str+4} (You found it on
                  | level 10 of a ziggurat)
 88871 | Zig:11   | Entered Level 11 of a ziggurat
 88955 | Zig:11   | Found the +10 tower shield of Ignorance {rN+ Int-4}
 88957 | Zig:11   | Found the +8 demon trident "Rift" {distort, reach+}
 89001 | Zig:12   | Entered Level 12 of a ziggurat
 89060 | Zig:12   | Found the +1 cloak of Starlight {rElec rC+ EV+4 Stlth--}
 89117 | Zig:12   | Learned a level 8 spell: Borgnjor's Revivification
 89172 | Zig:13   | Entered Level 13 of a ziggurat
 89271 | Zig:13   | Identified the Handbook of Assistive Flight
 89336 | Zig:14   | Entered Level 14 of a ziggurat
 89342 | Zig:14   | Noticed Wudaul Ezup the pandemonium lord
 89354 | Zig:14   | Killed Wudaul Ezup the pandemonium lord
 89359 | Zig:14   | Lost mutation: You possess an exceptional clarity of mind.
                  | [a cacodemon]
 89363 | Zig:14   | Gained mutation: You are very weak. (Str -4) [a cacodemon]
 89364 | Zig:14   | Gained mutation: You are dopey. (Int -2) [a cacodemon]
 89411 | Zig:14   | Identified the cursed +1 crystal plate armour "Zuneklu"
                  | {rF+} (You found it on level 14 of a ziggurat)
 89428 | Zig:14   | Got a twitching amber ring
 89429 | Zig:14   | Identified the ring of Curiosity {rF+ MR+ Int+6} (You found
                  | it on level 14 of a ziggurat)
 89560 | Geh:1    | Entered Level 1 of Gehenna
 89798 | Geh:3    | You fall into a shaft and drop 2 floors!
 89991 | Geh:6    | You fall into a shaft and drop 1 floor!
 89991 | Geh:7    | Entered Level 7 of Gehenna
 90240 | Geh:7    | Identified the amulet "Pepapp" {Spirit rPois Int-3 Dex+3
                  | Stlth+}
 90352 | Geh:7    | Identified the +7 sceptre of Asmodeus
 90352 | Geh:7    | Noticed Asmodeus
 90373 | Geh:7    | Killed Asmodeus
 90373 | Geh:7    | Reached skill level 15 in Spellcasting
 90388 | Geh:7    | Got an obsidian rune of Zot
 90593 | Geh:7    | Identified the amulet "Anopam" {Spirit Int+3} (You found it
                  | on level 7 of Gehenna)
 90746 | Dis:1    | Entered Level 1 of the Iron City of Dis
 91066 | Dis:4    | Found a huge runed gate.
 91066 | Dis:4    | Found a huge runed gate.
 91066 | Dis:4    | Found a huge runed gate.
 91066 | Dis:4    | Found a huge runed gate.
 91066 | Dis:4    | Found a huge runed gate.
 91067 | Dis:4    | Found a huge runed gate.
 91070 | Dis:4    | Found a huge runed gate.
 91574 | Dis:7    | Entered Level 7 of the Iron City of Dis
 91895 | Dis:7    | Noticed the Serpent of Hell
 91903 | Dis:7    | Killed the Serpent of Hell
 91937 | Dis:7    | Identified the +4 staff of Dispater
 91937 | Dis:7    | Noticed Dispater
 91959 | Dis:7    | Killed Dispater
 91983 | Dis:7    | Got an iron rune of Zot
 92597 | Pan      | Entered Pandemonium
 92668 | Pan      | Entered the realm of Mnoleg.
 92700 | Pan      | Gained mutation: You tend to lose your temper in combat. [a
                  | cacodemon]
 92717 | Pan      | Gained mutation: You have a pair of small horns on your
                  | head. [a neqoxec]
 92735 | Pan      | Lost mutation: You are dopey. (Int -2) [a cacodemon]
 92811 | Pan      | Gained mutation: You often lose your temper in combat. [a
                  | cacodemon]
 92863 | Pan      | Noticed Mnoleg
 92875 | Pan      | Killed Mnoleg
 92889 | Pan      | Got a glowing rune of Zot
 92945 | Pan      | Entered the realm of Gloorx Vloq.
 93053 | Pan      | Noticed Gloorx Vloq
 93055 | Pan      | Reached skill level 27 in Unarmed Combat
 93062 | Pan      | Killed Gloorx Vloq
 93165 | Pan      | Got a dark rune of Zot
 93375 | Pan      | Found a glowing silver altar of Zin.
 93688 | Pan      | Identified the +5 chain mail of Iwkuch {Harm Str+3}
 93688 | Pan      | Noticed a seraph
 93700 | Pan      | Killed a seraph
 93726 | Pan      | Found a glowing golden altar of the Shining One.
 93764 | Pan      | Got a demonic rune of Zot
 93773 | Pan      | Identified the Almanac of Spatial Flight
 93966 | Pan      | Entered the realm of Lom Lobon.
 94211 | Pan      | Noticed Lom Lobon
 94218 | Pan      | Killed Lom Lobon
 94238 | Pan      | Got a magical rune of Zot
 94619 | Pan      | Found an exit through the horrors of the Abyss.
 94731 | Pan      | Identified the Reference Book on Transformation and
                  | Talismans
 94752 | Pan      | Entered the realm of Cerebov.
 95000 | Pan      | Reached skill level 27 in Fighting
 95008 | Pan      | Identified Cerebov's Collected Works on Fire
 95067 | Pan      | Identified the +6 sword of Cerebov {flame}
 95067 | Pan      | Noticed Cerebov
 95070 | Pan      | Banished Cerebov
 95086 | Pan      | Got an ancient iron ring
 95087 | Pan      | Identified the ring "Viesse" {rN+ MR+ Str+6} (You found it
                  | in Pandemonium)
 95097 | Pan      | Got a sparkling ruby amulet
 95098 | Pan      | Identified the amulet of Doxe {rPois Regen+ Str+5} (You
                  | found it in Pandemonium)
 95110 | Pan      | Got a fiery rune of Zot
 95243 | Pan      | Found an exit through the horrors of the Abyss.
 95250 | Pan      | Took an exit into the Abyss.
 95250 | Abyss:1  | Escaped into the Abyss
 95253 | Abyss:1  | Found a corrupted altar of Lugonu.
 95331 | Abyss:1  | Gained mutation: Your spells are a little easier to cast,
                  | but a little less powerful. [a cacodemon]
 95332 | Abyss:1  | Gained mutation: You do not regenerate when monsters are
                  | visible. [a cacodemon]
 95339 | Abyss:1  | Lost mutation: You are very weak. (Str -4) [potion of
                  | mutation]
 95339 | Abyss:1  | Lost mutation: You are weak. (Str -2) [potion of mutation]
 95339 | Abyss:1  | Lost mutation: You often lose your temper in combat.
                  | [potion of mutation]
 95339 | Abyss:1  | Gained mutation: You can exhale a cloud of poison. [potion
                  | of mutation]
 95339 | Abyss:1  | Gained mutation: You often lose your temper in combat.
                  | [potion of mutation]
 95339 | Abyss:1  | Gained mutation: You have an increased reservoir of magic.
                  | (+10% MP) [potion of mutation]
 95339 | Abyss:1  | Gained mutation: Your mind is acute. (Int +2) [potion of
                  | mutation]
 95356 | Abyss:1  | Lost mutation: Your mind is acute. (Int +2) [potion of
                  | mutation]
 95356 | Abyss:1  | Lost mutation: You have a pair of small horns on your head.
                  | [potion of mutation]
 95356 | Abyss:1  | Gained mutation: You are robust. (+10% HP) [potion of
                  | mutation]
 95356 | Abyss:1  | Lost mutation: You are partially covered in rugged brown
                  | scales. (AC +1, +3% HP) [potion of mutation]
 95356 | Abyss:1  | Gained mutation: Your tail ends in a poisonous barb.
                  | [potion of mutation]
 95357 | Abyss:1  | Lost mutation: Your tail ends in a poisonous barb. [potion
                  | of mutation]
 95357 | Abyss:1  | Lost mutation: You often lose your temper in combat.
                  | [potion of mutation]
 95357 | Abyss:1  | Lost mutation: Your spells are a little easier to cast, but
                  | a little less powerful. [potion of mutation]
 95357 | Abyss:1  | Lost mutation: You tend to lose your temper in combat.
                  | [potion of mutation]
 95357 | Abyss:1  | Gained mutation: Your flesh is heat resistant. (rF+)
                  | [potion of mutation]
 95357 | Abyss:1  | Gained mutation: You are agile. (Dex +2) [potion of
                  | mutation]
 95530 | Abyss:2  | Noticed an ancient lich
 95533 | Abyss:2  | Killed an ancient lich
 95686 | Abyss:2  | Learned a level 1 spell: Summon Butterflies
 96095 | Abyss:4  | Found a corrupted altar of Lugonu.
 96428 | Abyss:4  | Found a corrupted altar of Lugonu.
 96511 | Abyss:4  | Gained mutation: You tend to lose your temper in combat. [a
                  | neqoxec]
 96512 | Abyss:4  | Gained mutation: You are dopey. (Int -2) [a neqoxec]
 96555 | Abyss:4  | Got an abyssal rune of Zot
 96608 | Depths:1 | Escaped the Abyss
 96892 | Tomb:1   | Entered Level 1 of the Tomb of the Ancients
 96928 | Tomb:1   | Noticed Boris
 96934 | Tomb:1   | Killed Boris
 97008 | Tomb:1   | Noticed a greater mummy
 97014 | Tomb:1   | Noticed a greater mummy
 97017 | Tomb:1   | Killed a greater mummy
 97023 | Tomb:1   | Killed a greater mummy
 97166 | Tomb:1   | Identified the ring of Springtime {Fire *Slow rElec Int+2
                  | SInv}
 97179 | Tomb:1   | Noticed a greater mummy
 97192 | Tomb:1   | Killed a greater mummy
 97499 | Tomb:2   | Noticed a greater mummy
 97499 | Tomb:2   | Noticed a greater mummy
 97505 | Tomb:2   | Killed a greater mummy
 97508 | Tomb:2   | Noticed an ancient lich
 97508 | Tomb:2   | Noticed a greater mummy
 97508 | Tomb:2   | Noticed a greater mummy
 97515 | Tomb:1   | Killed a greater mummy
 97715 | Tomb:2   | Killed a greater mummy
 97877 | Tomb:2   | Killed a greater mummy
 98032 | Tomb:2   | Killed an ancient lich
 98232 | Tomb:1   | Noticed a greater mummy
 98232 | Tomb:1   | Noticed a greater mummy
 98235 | Tomb:1   | Noticed a greater mummy
 98238 | Tomb:1   | Noticed a greater mummy
 98241 | Tomb:1   | Killed a greater mummy
 98245 | Tomb:1   | Killed a greater mummy
 98250 | Tomb:1   | Killed a greater mummy
 98253 | Tomb:1   | Killed a greater mummy
 98253 | Tomb:1   | Reached skill level 27 in Dodging
 98282 | Tomb:1   | Noticed a greater mummy
 98287 | Tomb:1   | Killed a greater mummy
 98339 | Tomb:1   | Noticed a greater mummy
 98347 | Tomb:1   | Killed a greater mummy
 98417 | Tomb:1   | Noticed a greater mummy
 98424 | Tomb:1   | Killed a greater mummy
 98452 | Tomb:1   | Noticed a greater mummy
 98457 | Tomb:1   | Killed a greater mummy
 98512 | Tomb:1   | Noticed a greater mummy
 98520 | Tomb:1   | Killed a greater mummy
 98614 | Tomb:1   | Noticed a greater mummy
 98617 | Tomb:1   | Noticed a greater mummy
 98621 | Tomb:1   | Killed a greater mummy
 98624 | Tomb:1   | Killed a greater mummy
 98629 | Tomb:1   | Noticed a greater mummy
 98634 | Tomb:1   | Killed a greater mummy
 98637 | Tomb:1   | Noticed a greater mummy
 98638 | Tomb:1   | Noticed a greater mummy
 98643 | Tomb:1   | Killed a greater mummy
 98647 | Tomb:1   | Killed a greater mummy
 98658 | Tomb:1   | Noticed a greater mummy
 98667 | Tomb:1   | Killed a greater mummy
 98813 | Tomb:1   | Noticed a greater mummy
 98821 | Tomb:1   | Killed a greater mummy
 98911 | Tomb:1   | Noticed a greater mummy
 98922 | Tomb:1   | Killed a greater mummy
 98934 | Tomb:1   | Noticed a greater mummy
 98940 | Tomb:1   | Killed a greater mummy
 98941 | Tomb:1   | Noticed a greater mummy
 98949 | Tomb:1   | Killed a greater mummy
 99144 | Tomb:1   | Noticed a greater mummy
 99148 | Tomb:1   | Killed a greater mummy
 99225 | Tomb:1   | Noticed a greater mummy
 99231 | Tomb:1   | Killed a greater mummy
 99330 | Tomb:1   | Noticed a greater mummy
 99337 | Tomb:1   | Killed a greater mummy
 99339 | Tomb:1   | Noticed a greater mummy
 99342 | Tomb:1   | Killed a greater mummy
 99570 | Tomb:3   | Entered Level 3 of the Tomb of the Ancients
 99570 | Tomb:3   | Noticed Boris
 99574 | Tomb:3   | Found the +8 mithril axe "Arga" {speed, MR+}
 99585 | Tomb:3   | Killed Boris
 99745 | Tomb:3   | Noticed a greater mummy
 99746 | Tomb:3   | Noticed a greater mummy
 99748 | Tomb:3   | Noticed an ancient lich
 99748 | Tomb:3   | Noticed a greater mummy
 99749 | Tomb:3   | Found the +3 crown of Dyrovepreva {rElec Int+2 SInv}
 99753 | Tomb:3   | Killed a greater mummy
 99762 | Tomb:2   | Killed a greater mummy
 99775 | Tomb:2   | Learned a level 8 spell: Necromutation
 99904 | Tomb:3   | Noticed an ancient lich
 99941 | Tomb:3   | Noticed an ancient lich
 99952 | Tomb:3   | Killed an ancient lich
 99976 | Tomb:3   | Killed an ancient lich
 99985 | Tomb:3   | Noticed a greater mummy
 99988 | Tomb:3   | Killed an ancient lich
 99993 | Tomb:3   | Identified the Incunabulum of Doom
 99994 | Tomb:3   | Noticed a greater mummy
100015 | Tomb:3   | Killed a greater mummy
100019 | Tomb:3   | Killed a greater mummy
100026 | Tomb:3   | Killed a greater mummy
100082 | Tomb:3   | Identified the Collected Works on Transmigration
100089 | Tomb:3   | Got a slimy tin ring
100090 | Tomb:3   | Identified the ring of Suspicion {rPois rC+ MR+ Slay+2}
                  | (You found it on level 3 of the Tomb of the Ancients)
100092 | Tomb:3   | Identified the Catalogue of Sinister Rites
100267 | Tomb:3   | Learned a level 1 spell: Apportation
100299 | Tomb:3   | Got a golden rune of Zot
101019 | Zot:5    | Entered Level 5 of the Realm of Zot
101052 | Zot:4    | Learned a level 6 spell: Death Channel
101092 | Zot:5    | Noticed an orb of fire
101109 | Zot:5    | Killed an orb of fire
101215 | Zot:5    | Noticed an ancient lich
101222 | Zot:5    | Killed an ancient lich
101226 | Zot:5    | Noticed an ancient lich
101244 | Zot:5    | Killed an ancient lich
101246 | Zot:5    | Noticed an orb of fire
101264 | Zot:5    | Killed an orb of fire
101264 | Zot:5    | Noticed an ancient lich
101264 | Zot:5    | Noticed an ancient lich
101267 | Zot:5    | Noticed an orb of fire
101273 | Zot:5    | Noticed an orb of fire
101278 | Zot:5    | Killed an ancient lich
101281 | Zot:5    | Killed an ancient lich
101283 | Zot:5    | Killed an orb of fire
101284 | Zot:5    | Killed an orb of fire
101292 | Zot:5    | Noticed an ancient lich
101293 | Zot:5    | Noticed an ancient lich
101307 | Zot:5    | Killed an ancient lich
101309 | Zot:5    | Killed an ancient lich
101754 | Zot:5    | Got the Orb of Zot
101975 | Depths:5 | Noticed Bismuh the pandemonium lord
101983 | Depths:5 | Killed Bismuh the pandemonium lord
102194 | D:12     | Noticed Pyffusmyasi the pandemonium lord
102198 | D:12     | Killed Pyffusmyasi the pandemonium lord
102465 | D:2      | Noticed Panku the pandemonium lord
102468 | D:2      | Killed Panku the pandemonium lord
102548 | D:$      | Escaped with the Orb!

Illustrated notes

Levels and vault maps discovered:
D:1:      dpeg_arrival_orchard, layout_loops_ring, kennysheep_nondescript,
          minmay_shallow_snake_nest
D:2:      minmay_spotlight, layout_basic
D:3:      layout_loops_corners, nicolae_overflow_hidden_temple,
          grunt_dithmenos_smoke_and_mirrors, uniq_sigmund
D:4:      layout_basic, lemuel_crystal_altar, minmay_temple_entry_waves,
          enter_ossuary_1, nicolae_qazlal_style_of_elements
D:5:      layout_gridville, overflow_temple_1_default,
          grunt_temple_overflow_open, first_ration, nemelex_dance_club_becter
D:6:      layout_gridville
D:7:      wander_river, layout_gridville, xom_teletrap_fun, serial_shops,
          kennysheep_mini
D:8:      layout_basic, slow_altar_2, david_lair_generic, uniq_psyche,
          uniq_harold
D:9:      layout_loops_cross, orc_0_dummy, grunt_pizzeria,
          mumra_transporter_accident, st_stairs_9, uniq_maggie, uniq_erolcha
D:10:     layout_cave_pools
D:11:     layout_cave_pods, st_stairs_14, uniq_gastronok, uniq_erica
D:12:     layout_irregular_city, portal_ice_cave_entry_animals_and_master,
          serial_shops, nicolae_shop_competitors_out_of_business,
          minmay_tree_intersection, uniq_jorgrun
D:13:     layout_layer_cave, serial_shops, shop
D:14:     layout_stronghold, skrybe_vaults_entry_preservation,
          ebering_ghost_inner_flame, fedhas_altar_2, st_stairs_1,
          serial_bayou_lagoon_a
D:15:     grunt_enter_depths_snipers, layout_basic
Temple:   jpeg_temple_alley_garden
Lair:1:   layout_misc_corridors, infiniplex_staircase_pool
Lair:2:   layout_regular_city, spider_nest_entry_rubble,
          lightli_volcano_entry_magma_tube, grunt_forest_large_clearings
Lair:3:   layout_misc_corridors, gammafunk_ghost_berserking_beasts,
          grunt_megastairs_4, infiniplex_staircase_pool_2
Lair:4:   layout_long_grid, elwin_shoals_entry_rocks, serial_bayou_crossing,
          uniq_nergalle, uniq_nessos
Lair:5:   layout_small_grid, minmay_lair_drake_nest, serial_bayou_shore_b,
          serial_bayou_shore_a, minmay_lair_oklob_chamber
Lair:6:   wormcave, layout_loops_ring, hangedman_lair_in_review, slime_altar_1,
          st_stairs_11, fungi_pond_lemuel
Shoals:1: layout_shoals, ldierk_geyser
Shoals:2: layout_shoals, ldierk_geyser, nicolae_shoals_so_close
Shoals:3: layout_shoals
Shoals:4: shoals_end_grunt_garden, layout_shoals, nicolae_shoals_loop_pool
Spider:1: layout_spider_delve, nicolae_looking_at_the_future
Spider:2: layout_spider_delve
Spider:3: layout_spider_delve, minmay_another_anthill, uniq_mara
Spider:4: grunt_spider_rune_island, uniq_arachne
Slime:1:  nicolae_slime_jelly_donut, layout_caves,
          cheibrodos_slime_lost_civilization_5
Slime:2:  layout_caves
Slime:3:  layout_caves, basic_altar
Slime:4:  layout_caves
Slime:5
Orc:1:    orc_temple, layout_caves, serial_shops, nicolae_shop_trees,
          uniq_maurice
Orc:2:    st_orc_elflike, layout_caves, basic_altar, uniq_rupert
Elf:1:    layout_geoelf_octagon, minmay_elf_necromancy, minmay_shoptagon,
          uniq_agnes
Elf:2:    layout_geoelf_diagonals, serial_shops, nicolae_shop_crystal
Elf:3:    minmay_elf_hall_dome, layout_loops_ring, serial_shops, shop
Vaults:1: gammafunk_vaults_ghost_spectres, v_misc_18,
          hangedman_vaults_corner_blocks, nicolae_vaults_an_arrangement,
          vaults_room_boxed, nicolae_vaults_three_branches,
          hangedman_vaults_trim, v_misc_29, vaults_dpeg_ring,
          nicolae_vaults_rhombus_7, layout_vaults_maze_snakey, serial_shops,
          shop_fountains
Vaults:2: v_rooms_3, nicolae_vaults_circle_grid_a, ontoclasm_vaults_twist,
          v_misc_24, ontoclasm_vaults_hangar, ontoclasm_vaults_tryst,
          nicolae_vaults_border_crossing, hangedman_vaults_snaps,
          layout_vaults_quadrants, uniq_boris
Vaults:3: v_misc_10, vaults_mumra_minichess_inversion,
          minmay_crypt_entry_simple_statues, vaults_room_octagon, v_misc_5,
          v_misc_28, vaults_room_pool, grunt_vaults_funnel,
          ontoclasm_vaults_chip, nicolae_vaults_statue_guard,
          nicolae_vaults_circle_grid_b, ontoclasm_vaults_ligature,
          layout_vaults_ring
Vaults:4: st_smaller_cells, vaults_standard_mumra_lines, grunt_vaults_bifocal,
          nicolae_vaults_little_squares_1, v_misc_9, hangedman_vaults_capsules,
          hangedman_vaults_cutoff, v_pattern_1, nicolae_vaults_ninety_degrees,
          vaults_dpeg_hooks, ontoclasm_vaults_hangar, layout_vaults_omnibox,
          serial_shops, nicolae_shop_trees
Vaults:5: serial_shops
Crypt:1:  layout_rooms, grunt_ministairs_10, uniq_donald
Crypt:2:  lemuel_minitomb, layout_rooms, basic_altar
Crypt:3:  david_glass_crypt, layout_misc_corridors, tomb_entry_simple_bobbens,
          st_stairs_11, grunt_ministairs_2, uniq_khufu
Tomb:1
Tomb:2
Tomb:3
Depths:1: layout_gridville, minmay_misc_feat_diagonals, rand_demon_pan_entry_3,
          hell_entry, minmay_pinched_square, minmay_shop_star,
          grunt_megastairs_2, serial_bayou_shore_b, serial_bayou_shore_b,
          uniq_asterion
Depths:2: cheibrodos_cascadia, layout_gridlike, enter_ziggurat_a,
          nicolae_benzene_ring, hell_entry, minmay_crystal_box
Depths:3: minmay_the_grid_3x3 [minmay_the_grid_doors,
          minmay_the_grid_small_cups, minmay_the_grid_spin_star,
          minmay_the_grid_stretched_grid, minmay_the_grid_aliased_spiral,
          minmay_the_grid_holed_spiral, minmay_the_grid_tree,
          minmay_the_grid_slots, minmay_the_grid_prize_shrinking_boxes],
          layout_cave_shapes, hell_entry, serial_sigils,
          serial_sigils_hangedman_writhe, serial_sigils_hangedman_scratch,
          serial_sigils_hangedman_leer, serial_sigils_hangedman_gut,
          rand_demon_pan_entry_9, abyss_entry_flame_altar,
          kennysheep_generic_room_8
Depths:4: hangedman_slaughterboxes, pan_entry, hell_entry, abyss_entry
Depths:5: grunt_zot_entry_tricorne, layout_gridville, serial_shops, shop,
          hangedman_decor_push, pan_entry, hell_entry,
          roderic_lattice_octagonal_star, uniq_mennas, uniq_saint_roka
Hell
Dis:1:    layout_gridville
Dis:2:    layout_subdivisions
Dis:3:    layout_jigsaw
Dis:4:    layout_gridville, door_vault
Dis:5:    lemuel_dis_dragons, layout_subdivisions, hangedman_player_shredder
Dis:6:    layout_overlapping_boxes, nrook_loot_triangle
Dis:7:    iron_city_of_dis [dis_old, dis_wall_1], layout_chaotic_city
Geh:1:    layout_gehenna_lava_caves
Geh:2:    layout_gehenna_pools_basic
Geh:3:    layout_gehenna_lava_caves
Geh:5:    layout_gehenna_lava_caves
Geh:6:    layout_gehenna_lava_caves
Geh:7:    geh_grunt
Coc:1:    layout_ice_bergs
Coc:2:    layout_cocytus_water_paths
Coc:3:    layout_cocytus_water_paths
Coc:4:    layout_ice_bergs
Coc:5:    layout_cocytus_water_paths
Coc:6:    layout_cocytus_water_paths
Coc:7:    coc_dpeg
Tar:1:    layout_grid_maze
Tar:2:    layout_grid_maze
Tar:3:    layout_grid_maze
Tar:4:    layout_catacombs
Tar:5:    layout_grid_maze
Tar:6:    layout_catacombs
Tar:7:    tar_minmay_river
Zot:1:    layout_onion, st_small_dragon_hoard_1, st_stairs_10
Zot:2:    layout_twisted_circle, nrook_zot_tub
Zot:3:    layout_gridlike
Zot:4:    grunt_zot_stairs_mandelzot, layout_basic
Zot:5:    layout_misc_corridors, ebering_ghost_gozag

Skill      XL: |  1  2  3  4  5  6  7  8  9 10 11 12 13 14 15 16 17 18 19 20 21 22 23 24 25 26 27 |
---------------+----------------------------------------------------------------------------------+-----
Unarmed Combat | 1 2 3 4 5 6 8 9 10 12 13 14 15 16 17 18 19 20 21 27 | 27.0
Dodging        | 2 3 4 5 6 7 8 9 10 11 12 13 14 27 | 27.0
Throwing       | 4 5 6 |  6.0
Fighting       | 3 4 5 6 7 8 9 10 11 12 13 27 | 27.0
Shields        | 1 2 4 5 7 9 16 | 16.8
Evocations     | 2 4 5 |  5.0
Armour         | 2 3 4 5 6 7 8 |  8.0
Invocations    | 4 7 10 11 13 14 15 16 17 18 19 20 21 27 | 27.0
Charms         | 2 3 |  3.0
Hexes          | 1 |  1.0
Transmutations | 1 4 5 7 9 10 13 14 | 14.0
Spellcasting   | 3 4 5 7 9 22 | 22.0
Earth Magic    | 2 7 9 |  9.0
Translocations | 11 15 19 22 | 22.0
Summonings     | 6 |  6.0
Necromancy     | 20 | 20.0
Stealth        | |  1.5

Action                   |  1- 3 |  4- 6 |  7- 9 | 10-12 | 13-15 | 16-18 | 19-21 | 22-24 | 25-27 || total
-------------------------+-------+-------+-------+-------+-------+-------+-------+-------+-------++-------
Melee: Dagger            |    16 |       |       |       |       |       |       |       |       ||    16
       Hand axe          |   131 |    67 |   858 |   105 |       |       |       |       |       ||  1161
       Punch             |     1 |     1 |     8 |       |       |       |       |       |     1 ||    11
       Quarterstaff      |       |    26 |       |       |       |       |       |       |       ||    26
       Unarmed           |       |       |       |   834 |  1285 |  1390 |  1664 |  1295 |  7456 || 13924
       Rapier            |       |       |       |     6 |       |       |       |       |       ||     6
       Constrict         |       |       |       |       |   261 |   310 |   285 |   181 |  1248 ||  2285
       Headbutt          |       |       |       |       |       |       |       |       |   176 ||   176
Throw: Javelin           |       |    10 |    88 |    29 |       |    35 |    17 |     4 |       ||   183
       Throwing net      |       |     2 |     2 |     5 |     1 |       |       |       |       ||    10
       Boomerang         |       |       |    22 |    20 |    15 |    56 |       |       |       ||   113
       Dart              |       |       |       |    40 |    16 |     8 |     8 |    10 |       ||    82
 Cast: Song of Slaying   |       |       |       |     1 |    30 |    36 |    39 |    48 |   202 ||   356
       Shroud of Golubri |       |       |       |       |       |     3 |    34 |    49 |   214 ||   300
       Confusing Touch   |       |       |       |       |       |       |     2 |     3 |       ||     5
       Statue Form       |       |       |       |       |       |       |       |    35 |   571 ||   606
       Lee's Rapid Decon |       |       |       |       |       |       |       |       |     3 ||     3
       Lesser Beckoning  |       |       |       |       |       |       |       |       |   189 ||   189
       Aura of Abjuratio |       |       |       |       |       |       |       |       |    41 ||    41
       Necromutation     |       |       |       |       |       |       |       |       |    31 ||    31
       Controlled Blink  |       |       |       |       |       |       |       |       |    16 ||    16
       Malign Gateway    |       |       |       |       |       |       |       |       |     8 ||     8
       Death Channel     |       |       |       |       |       |       |       |       |     5 ||     5
Invok: Slouch            |       |       |       |     3 |    19 |    27 |    25 |    13 |    79 ||   166
       Temporal Distorti |       |       |       |       |       |       |     2 |       |     1 ||     3
       Step From Time    |       |       |       |       |       |       |     1 |       |       ||     1
       Bend Time         |       |       |       |       |       |       |       |       |     1 ||     1
 Abil: Spit Poison       |    11 |     8 |     5 |    16 |     3 |       |       |       |       ||    43
Evoke: Wand              |       |       |       |    25 |    86 |     2 |     4 |     1 |    16 ||   134
       Phantom mirror    |       |       |       |       |     1 |       |       |       |       ||     1
       Lightning rod     |       |       |       |       |       |     4 |       |       |       ||     4
  Use: Scroll            |       |     9 |     9 |    12 |    15 |     7 |     8 |     4 |    76 ||   140
       Potion            |       |     3 |     2 |    12 |     3 |     8 |     4 |     2 |    27 ||    61
 Stab: Sleeping          |     1 |     1 |       |     6 |     8 |     8 |       |       |     7 ||    31
       Distracted        |       |       |     1 |     1 |     1 |     2 |     1 |     1 |     9 ||    16
       Held in net/web   |       |       |     1 |     5 |     1 |       |       |       |       ||     7
       Paralysed         |       |       |       |     9 |       |       |       |       |       ||     9
       Petrified         |       |       |       |       |     7 |       |       |       |       ||     7
       Invisible         |       |       |       |       |     2 |     2 |       |       |       ||     4
       Confused          |       |       |       |       |       |       |     3 |       |       ||     3
       Petrifying        |       |       |       |       |       |       |       |       |     1 ||     1
  Eat: Chunk             |     3 |     3 |    10 |     8 |    27 |    23 |    27 |    30 |    52 ||   183
       Ration            |       |       |     2 |     8 |     2 |     4 |       |     1 |    38 ||    55
Armor: Leather armour    |    46 |       |       |       |       |       |       |       |       ||    46
       Ring mail         |    17 |    74 |   575 |   271 |   446 |   763 |   511 |   337 |       ||  2994
       Acid dragon scale |       |       |       |    55 |       |       |       |       |       ||    55
       Troll leather arm |       |       |       |   197 |    76 |       |       |       |       ||   273
       Skin              |       |       |       |   201 |       |       |       |   190 |  2529 ||  2920
       Robe              |       |       |       |       |       |       |       |     5 |    85 ||    90
Dodge: Dodged            |   100 |    51 |   420 |   597 |   927 |  1326 |   917 |   888 |  7704 || 12930
       Repelled          |       |       |       |       |    12 |    63 |   117 |    51 |   165 ||   408
Block: Buckler           |       |       |    89 |   324 |   401 |   465 |       |       |       ||  1279
       Kite shield       |       |       |       |       |       |   617 |  1289 |   979 |  3401 ||  6286
       Tower shield      |       |       |       |       |       |       |       |       |  8930 ||  8930
